 Dungeon Crawl Stone Soup version 0.30.2 (webtiles) character file.

Game seed: 9819223767013997797

847 porpoise the Skirmisher (level 8, 0/51 HPs)
             Began as a Kobold Hunter on Jan 22, 2024.
             Slain by an iguana (8 damage)
             ... on level 4 of the Dungeon.
             The game lasted 00:10:28 (4309 turns).

porpoise the Skirmisher (Kobold Hunter)             Turns: 4309, Time: 00:10:28

Health: 0/51       AC:  5    Str:  9    XL:     8   Next: 20%
Magic:  8/8        EV: 14    Int: 10    God:
Gold:   254        SH:  4    Dex: 20    Spells: 7/7 levels left

rFire   . . .        b - +1 dagger (venom)
rCold   . . .        t - +0 buckler
rNeg    + . .        c - +0 leather armour
rPois   .            (no helmet)
rElec   .            (no cloak)
rCorr   .            s - +1 pair of gloves
SInv    .            (no boots)
Will    .....        (no amulet)
Stlth   +++          x - ring of positive energy
HPRegen 0.28/turn    (no ring)
MPRegen 0.11/turn

%: no passive effects
@: no status effects
A: small, no large weapons, nightstalker 3
a: no special abilities


You were on level 4 of the Dungeon.
You visited 1 branch of the dungeon, and saw 4 of its levels.

You collected 254 gold pieces.

Inventory:

Hand Weapons
 a - a +1 sling of freezing
 b - a +1 dagger of venom (weapon)
 d - a +0 mace
 l - a +0 shortbow
 u - a +1 long sword of protection
 A - a +0 war axe
Missiles
 n - 2 poisoned darts
Armour
 c - a +0 leather armour (worn)
 r - the orb of the Ageless Dances {*Rage, -Tele Regen+ Str+5}
   (You found it on level 3 of the Dungeon)

   Str:       It affects your strength (+5).
   -Tele:     It prevents most forms of teleportation.
   Regen:     It increases your rate of health regeneration.
 s - a +1 pair of gloves (worn)
 t - a +0 buckler (worn)
 y - a +0 ring mail
Jewellery
 x - a ring of positive energy (left hand)
Scrolls
 e - a scroll of enchant weapon {unknown}
 f - 2 scrolls of amnesia
 j - 3 scrolls of immolation
 k - a scroll of enchant armour {unknown}
 o - a scroll of noise {unknown}
 v - a scroll of poison
 w - a scroll of blinking {unknown}
Potions
 g - a potion of flight
 h - a potion of berserk rage {unknown}
 i - a potion of brilliance {unknown}
 m - a potion of invisibility {unknown}
 p - 2 potions of curing {unknown}
 q - a potion of lignification {unknown}
 z - 2 potions of mutation {unknown}


   Skills:
 + Level 5.8 Fighting
 * Level 10.7 Ranged Weapons
 - Level 2.4 Dodging
 - Level 1.3 Stealth


You had 7 spell levels left.
You didn't know any spells.
Your spell library contained the following spells:

 Spells                   Type           Power      Damage    Failure   Level
 Beastly Appendage        Tmut           0%         N/A       63%         1
 Cigotuvi's Dreadful Rot  Necr/Pois/Air  0%         N/A       77%         2
 Wereblood                Tmut           0%         N/A       77%         2
 Spider Form              Tmut/Pois      0%         N/A       94%         3
 Dispel Undead            Necr           0%         3d6       100%        4
 Death Channel            Necr           0%         N/A       100%        6


Dungeon Overview and Level Annotations

Branches:
Dungeon (4/15)
 Temple: D:4-7

Altars:


Innate Abilities, Weirdness & Mutations

You are small and have problems with some larger weapons.
You are completely attuned to the shadows.


Message History

You shoot a sling bullet. The sling bullet hits the iguana.
The sling bullet freezes the iguana.
The iguana is lightly wounded.
The gnoll hits you from afar with a +0 spear.
The iguana bites you but does no damage.
You are too injured to fight recklessly!
You are too injured to fight recklessly!
Your +1 sling of freezing stops glowing.
Your +1 dagger of venom begins to drip with poison!
b - a +1 dagger of venom (weapon)
You are too injured to fight recklessly!
You are too injured to fight recklessly!
You are too injured to fight recklessly!
You hit the iguana but do no damage.
The iguana is poisoned.
The iguana is lightly wounded.
The gnoll hits you from afar with a +0 spear.
The iguana misses you.
You completely miss the iguana.
The iguana is moderately wounded.
The gnoll hits you from afar with a +0 spear.
The iguana misses you.
You barely miss the iguana.
The iguana is heavily wounded.
The gnoll hits you but does no damage. You block the iguana's attack.
The gnoll barely misses you.
You barely miss the gnoll. The gnoll hits you with a +0 spear.
The iguana bites you but does no damage.
You hit the gnoll.
The gnoll is poisoned.
The gnoll is moderately wounded.
The gnoll hits you with a +0 spear!
* * * LOW HITPOINT WARNING * * *
The iguana bites you.
* * * LOW HITPOINT WARNING * * *
You barely miss the gnoll.
The gnoll is moderately wounded.
You block the gnoll's attack. You block the iguana's attack.
You barely miss the gnoll.
The gnoll is moderately wounded.
You block the gnoll's attack. The iguana bites you!
You die...

.... #.. .... '..
.... ...# #.. ####
..####.## ##..###
........# .......
..).....+ ........
...g....# ........
....@)..#.... .....##
.....l.##.....##...##
.......##.....##...##
..............#....#.
#...#....##...#....#.
.).#.##......'....#.
.......##..#....+
.##..#.....#....#
...#.##..#....#


You could see an iguana (poisoned) and a gnoll (poisoned).

Vanquished Creatures
  A hornet (D:4)
  Menkaure (D:4)
  An ogre (D:4)
  A scorpion (D:3)
  A howler monkey (D:4)
  An orc priest (D:4)
  3 hounds
  An orc wizard (D:3)
  Robin (D:2)
  2 gnolls (D:4)
  9 adders
  4 worms
  2 dart slugs (D:1)
  8 orcs
  4 endoplasms
  3 giant cockroaches
  7 hobgoblins
  8 quokkas
  5 ball pythons
  2 bats
  4 frilled lizards
  14 goblins
  5 kobolds
  8 rats
96 creatures vanquished.

Notes
Turn   | Place    | Note
-------+----------+-------------------------------------------
     0 | D:1      | porpoise the Kobold Hunter began the quest for the Orb.
     0 | D:1      | Reached XP level 1. HP: 12/12 MP: 1/1
   145 | D:1      | Reached XP level 2. HP: 18/18 MP: 2/2
   224 | D:1      | Found a faded altar of an unknown god.
   469 | D:1      | Reached skill level 6 in Ranged Weapons
   599 | D:1      | Reached XP level 3. HP: 22/22 MP: 3/3
   994 | D:2      | Reached XP level 4. HP: 28/28 MP: 4/4
  1536 | D:2      | Reached skill level 7 in Ranged Weapons
  1604 | D:2      | Reached XP level 5. HP: 26/32 MP: 5/5
  1922 | D:3      | Noticed Robin
  1934 | D:2      | Killed Robin
  2344 | D:3      | Identified the orb of the Ageless Dances {*Rage, -Tele
                  | Regen+ Str+5}
  2401 | D:3      | Reached XP level 6. HP: 38/38 MP: 6/6
  2481 | D:3      | Reached skill level 8 in Ranged Weapons
  3601 | D:4      | Reached skill level 9 in Ranged Weapons
  3601 | D:4      | Reached XP level 7. HP: 22/44 MP: 7/7
  3870 | D:4      | Noticed a hornet
  3884 | D:4      | Killed a hornet
  3885 | D:4      | Reached skill level 5 in Fighting
  3885 | D:4      | Reached skill level 10 in Ranged Weapons
  4090 | D:4      | Noticed Menkaure
  4095 | D:4      | Reached XP level 8. HP: 23/50 MP: 8/8
  4097 | D:4      | HP: 2/50 [Menkaure (7)]
  4101 | D:4      | Killed Menkaure
  4309 | D:4      | Slain by an iguana

Illustrated notes

Levels and vault maps discovered:
D:1:      sevenhm_arrival_forest_fort_small_4, layout_loops_ring,
          ebering_ecumenical_altar_sacrificial
D:2:      layout_loops_ring, minmay_divided_ellipse
D:3:      layout_basic, uniq_robin
D:4:      layout_gridville, minmay_temple_entry_ruins, uniq_menkaure

Skill      XL: |  1  2  3  4  5  6  7 |
---------------+----------------------+-----
Ranged Weapons | 6 7 9 10 | 10.7
Fighting       | 3 4 5 |  5.8
Dodging        | |  2.4
Stealth        | |  1.3

Action                     |  1- 3 |  4- 6 |  7- 9 || total
---------------------------+-------+-------+-------++-------
  Melee: Dagger            |       |    73 |    25 ||    98
         Long sword        |       |       |     6 ||     6
   Fire: Shortbow          |    61 |       |       ||    61
         Sling             |    14 |    87 |    21 ||   122
    Use: Potion            |     1 |       |       ||     1
         Scroll            |       |     4 |       ||     4
   Stab: Distracted        |       |     1 |       ||     1
         Sleeping          |       |     2 |       ||     2
 Armour: Leather armour    |     9 |    37 |     8 ||    54
  Dodge: Dodged            |    41 |    84 |    18 ||   143
  Block: Buckler           |       |    25 |    10 ||    35
